 Dungeon Crawl Stone Soup version 0.30-a0-358-g0d69a1922f (webtiles) character file.

Game seed: 16758655905832854448

108 drugrobin the Sneak (level 4, 0/37 HPs)
             Began as a Demigod Delver on Nov 11, 2022.
             Slain by Natasha (7 damage)
             ... on level 3 of the Dungeon.
             The game lasted 00:05:42 (2499 turns).

drugrobin the Sneak (Demigod Delver)                Turns: 2499, Time: 00:05:43

Health: 0/37       AC:  5    Str: 13    XL:     4   Next: 33%
Magic:  6/6        EV: 15    Int: 16    God:
Gold:   179        SH:  0    Dex: 15    Spells: 1/3 levels left

rFire   . . .      SeeInvis .    a - +0 falchion
rCold   . . .      Faith    .    (no shield)
rNeg    . . .      Spirit   .    s - +0 leather armour
rPois   .          Reflect  .    h - +0 helmet
rElec   .          Harm     .    y - +0 cloak
rCorr   .          Rampage  .    (no gloves)
Will    .....                    (no boots)
Stlth   +++.......               (no amulet)
HPRegen 0.26/turn                r - ring of flight
MPRegen 0.10/turn                A - +4 ring of evasion

@: attractive, flying
A: high MP 1, forlorn, divine attributes
a: no special abilities


You were on level 3 of the Dungeon.
You visited 1 branch of the dungeon, and saw 5 of its levels.

You collected 179 gold pieces.

Inventory:

Hand Weapons
 a - a +0 falchion (weapon)
 b - a +0 sling
Missiles
 l - 27 stones (quivered)
 o - 7 poisoned darts
Armour
 h - a +0 helmet (worn)
 s - a +0 leather armour (worn)
 y - a +0 cloak (worn)
Magical Staves
 x - a staff of conjuration
Jewellery
 r - a ring of flight (left hand)
 z - a ring of fire
 A - a +4 ring of evasion (right hand)
Wands
 g - a wand of digging (3)
 k - a wand of polymorph (8)
Scrolls
 c - 2 scrolls of fog
 d - a scroll of magic mapping
 e - 2 scrolls of fear
 i - a scroll of amnesia {unknown}
 m - a scroll of summoning {unknown}
 n - a scroll of blinking {unknown}
 p - a scroll of identify {unknown}
 q - a scroll of poison {unknown}
 v - a scroll of teleportation {unknown}
 w - a scroll of enchant weapon {unknown}
Potions
 f - a potion of haste
 j - a potion of attraction
 t - a potion of lignification {unknown}
 u - a potion of ambrosia {unknown}
 B - a potion of heal wounds {unknown}


   Skills:
 - Level 2.6 Fighting
 + Level 4.4 Long Blades
 - Level 1.7 Dodging
 - Level 4.5 Stealth


You had one spell level left.
You knew the following spells:

 Your Spells              Type           Power      Damage    Failure   Level
a - Wereblood             Tmut           0%         N/A       43%         2

Your spell library contained the following spells:

 Spells                   Type           Power      Damage    Failure   Level
 Beastly Appendage        Tmut           0%         N/A       32%         1
 Gell's Gravitas          Tloc           0%         N/A       67%         3
 Spider Form              Tmut/Pois      0%         N/A       67%         3
 Teleport Other           Tloc           0%         N/A       67%         3
 Dispersal                Tloc           0%         N/A       100%        6


Dungeon Overview and Level Annotations

Branches:
Dungeon (5/15)
 Temple: D:4-7

Annotations:
D:3 Natasha
D:4 Grinder


Innate Abilities, Weirdness & Mutations

You have an increased reservoir of magic. (+10% MP)
You shall have no god before yourself.
Your divine heritage dramatically boosts your attributes as you level up.


Message History

You hear a zap.
You hear a grinding noise.
Unknown command.
Unknown command.
You barely miss the hobgoblin. The hobgoblin barely misses you.
You hit the hobgoblin.
The hobgoblin is heavily wounded.
The hobgoblin misses you.
You hit the hobgoblin but do no damage.
The hobgoblin is heavily wounded.
The hobgoblin barely misses you.
You hit the hobgoblin.
You kill the hobgoblin!
You closely miss the orc. The orc closely misses you.
You completely miss the orc. The orc hits you with a +0 flail!
The crimson imp spits at you.
You closely miss the orc. The orc hits you with a +0 flail!
You closely miss the orc. The orc misses you.
You hit the orc.
The orc is lightly wounded.
The crimson imp disappears in a puff of smoke!
The orc hits you with a +0 flail. The orc misses you.
You hit the orc.
The orc is lightly wounded.
The orc barely misses you.
You barely miss the orc.
The orc is lightly wounded.
The orc hits you with a +0 flail.
You slash the orc!
You kill the orc!
Okay, then.
Unknown command.
You barely miss Natasha.
Natasha stares at you and mumbles some strange words.
The magic dart hits you!
* * * LOW HITPOINT WARNING * * *
Unknown command.
It was a potion of attraction.
You feel attractive to monsters. Natasha claws you!
You die...

...... ######......
####....o......
$.....>......5. ##........h.
#### ##..#o###'#'.' ...#
#............ ...#
#h###.##..... ...+ .# #. ..
#@# #†# .... ...#.#.#.#+...
#.# #.# ...?. ...+#.#.#.#..
##.# #.# .....
...#.#.#.#.#+#...# #.#..! #
#+#.#.#.#.#.#.######.#.#
.#.#.#†#.#.#.#.#.......#
#.#.#.#.#.#.#.###.##.###
.#.#.#.#.#.#.#.## #.#
#.#.#.#.#.#.#.###+##'########


You could see Natasha.

Vanquished Creatures
  Natasha (D:3)
  A gnoll (D:4)
  3 adders
  3 orcs
  5 ball pythons
  3 bats
  An endoplasm (D:3)
  2 giant cockroaches
  2 goblins (D:2)
  6 hobgoblins
  2 jackals (D:2)
  3 kobolds
  A quokka (D:3)
  5 frilled lizards
  8 rats
46 creatures vanquished.

Notes
Turn   | Place    | Note
-------+----------+-------------------------------------------
     0 | D:5      | drugrobin the Demigod Delver began the quest for the Orb.
     0 | D:5      | Reached XP level 1. HP: 18/18 MP: 3/3
    12 | D:5      | Noticed an ice beast
    77 | D:4      | Noticed Grinder
   281 | D:4      | Reached XP level 2. HP: 8/25 MP: 4/4
   793 | D:1      | Reached XP level 3. HP: 30/30 MP: 5/5
   858 | D:1      | Learned a level 2 spell: Wereblood
  2395 | D:3      | Noticed Natasha
  2408 | D:3      | Killed Natasha
  2409 | D:3      | Reached XP level 4. HP: 32/37 MP: 6/6
  2467 | D:3      | Noticed Natasha
  2499 | D:3      | Slain by Natasha

Illustrated notes

Levels and vault maps discovered:
D:1:      amcnicky_arrival_double_pillar, layout_basic, glass_columns_a,
          nicolae_kite_square_tiling_tiny
D:2:      layout_basic, basic_altar, shapermc_ecumenical_altar_acropolis
D:3:      layout_basic, uniq_natasha
D:4:      layout_basic, mainiacjoe_overflow_alcove_1, uniq_robin, uniq_grinder
D:5:      layout_rooms, ebering_ghost_disaster_area

Skill      XL: |  1  2  3 |
---------------+----------+-----
Long Blades    | 2 3 4 |  4.4
Fighting       | |  2.6
Dodging        | |  1.7
Stealth        | |  4.5

Action                   |  1- 3 |  4- 6 || total
-------------------------+-------+-------++-------
Melee: Falchion          |   103 |    24 ||   127
       Punch             |     1 |       ||     1
 Fire: Sling             |    18 |       ||    18
Throw: Stone             |     4 |       ||     4
  Use: Potion            |       |     1 ||     1
 Stab: Sleeping          |     3 |       ||     3
Armor: Leather armour    |    36 |     3 ||    39
Dodge: Dodged            |    75 |    14 ||    89

Table legend: (Time is in decaauts)
 A = Elapsed time spent in this place.
 B = Non-inter-level travel time spent in this place.
 C = Inter-level travel time spent in this place.
 D = Time resting spent in this place.
 E = Time spent auto-exploring this place.
 F = Levels seen in this place.
 G = Mean time per level.
                   A        B        C        D        E       F      G
               +--------+--------+--------+--------+--------+-----+--------+
         Total |   2516 |   2424 |     92 |    167 |   1615 |   5 |  503.2 |
       Dungeon |   2516 |   2424 |     92 |    167 |   1615 |   5 |  503.2 |
               +--------+--------+--------+--------+--------+-----+--------+

Top non-repeatable levels by time:
     D:2: 1022 daAuts
     D:1: 676 daAuts
     D:4: 444 daAuts
     D:3: 355 daAuts
     D:5: 18 daAuts
